 Dungeon Crawl Stone Soup version 0.30-a0-629-gd54f4be4f7 (webtiles) character file.

Game seed: 4681124713801033363

75 bande the Shield-Bearer (level 4, -1/29 HPs)
             Began as a Gargoyle Fighter on Jan 13, 2023.
             Slain by a gnoll
             ... wielding a +0 halberd
              (5 damage)
             ... on level 3 of the Dungeon.
             The game lasted 00:02:35 (1746 turns).

bande the Shield-Bearer (Gargoyle Fighter)          Turns: 1746, Time: 00:02:36

Health: -1/29      AC: 10    Str: 19    XL:     4   Next: 31%
Magic:  4/4        EV:  9    Int:  9    God:
Gold:   180        SH:  4    Dex: 11    Spells: 3/3 levels left

rFire   . . .      SeeInvis .    a - +0 war axe
rCold   . . .      Faith    .    c - +0 buckler
rNeg    + . .      Spirit   .    b - +0 scale mail
rPois   ∞          Reflect  .    (no helmet)
rElec   +          Harm     .    (no cloak)
rCorr   .          Rampage  .    (no gloves)
Will    .....                    (no boots) Stlth
                                 (no amulet)
HPRegen 0.24/turn                (no ring)
MPRegen 0.09/turn                (no ring)

@: no status effects
A: sickness immunity, AC +3, negative energy resistance 1, electricity
resistance, torment resistance 1, petrification resistance
a: no special abilities


You were on level 3 of the Dungeon.
You visited 1 branch of the dungeon, and saw 3 of its levels.

You collected 180 gold pieces.

Inventory:

Hand Weapons
 a - a +0 war axe (weapon)
Armour
 b - a +0 scale mail (worn)
 c - a +0 buckler (worn)
Jewellery
 g - a ring of fire
 k - a ring of wizardry
Scrolls
 f - a scroll of immolation {unknown}
 h - a scroll of noise {unknown}
 i - a scroll of fog {unknown}
 j - a scroll of summoning {unknown}
 l - a scroll of fear {unknown}
Potions
 d - a potion of might
 e - 2 potions of curing {unknown}
 m - a potion of berserk rage {unknown}


   Skills:
 + Level 3.7 Fighting
 + Level 2.7 Axes
 + Level 3.8 Armour
 + Level 4.0 Shields


You had 3 spell levels left.
You didn't know any spells.
Your spell library contained the following spells:

 Spells                   Type           Power      Damage    Failure   Level
 Necrotise                Necr           0%         1d4       83%         1
 Wereblood                Tmut           0%         N/A       93%         2
 Ignite Poison            Fire/Tmut/Pois 0%         N/A       99%         3
 Vampiric Draining        Necr           0%         2d6       99%         3
 Agony                    Necr           0%         N/A       100%        5
 Summon Hydra             Summ           0%         N/A       100%        7
 Ignition                 Fire           0%         3d3       100%        8
 Shatter                  Erth           0%         3d5*      100%        9
 Sublimation of Blood     Necr           Unusable   N/A       N/A         2

Dungeon Overview and Level Annotations

Branches:
Dungeon (3/15)

Altars:
Elyvilon
Okawaru

Shops:
D:1 [

Annotations:
D:1 1 transporter


Innate Abilities, Weirdness & Mutations

You are immune to sickness and miasma.
Your stone body is resilient. (AC +3)
You are immune to poison.
You resist negative energy. (rN+)
You are resistant to electric shocks. (rElec)
You are resistant to unholy torment.
You are immune to petrification.


Message History

You closely miss the hound.
The hound is moderately wounded.
The hound bites you but does no damage. x2
The gnoll hits you from afar with a +0 halberd.
You miss the hound.
The hound is moderately wounded.
The hound closely misses you. The gnoll hits you but does no damage.
You block the hound's attack. You block the gnoll's attack.
The hound barely misses you.
You barely miss the hound.
The hound is moderately wounded.
The hound completely misses you. The gnoll hits you but does no damage.
The hound bites you but does no damage.
You miss the hound.
The hound is moderately wounded.
The hound bites you. The gnoll hits you but does no damage.
You block the hound's attack. The gnoll barely misses you. The hound bites you.
You block the gnoll's attack.
You barely miss the gnoll. You hit the hound. The hound barely misses you. x2
The gnoll barely misses you.
You barely miss the gnoll. You hit the hound. The hound misses you.
The hound bites you but does no damage. You block the gnoll's attack.
You barely miss the gnoll. You miss the hound. The hound bites you.
The gnoll barely misses you. The hound bites you but does no damage.
The gnoll barely misses you. You block the hound's attack.
You barely miss the gnoll. You barely miss the hound.
The hound barely misses you. You block the gnoll's attack.
You block the hound's attack.
You hit the gnoll but do no damage. You hit the hound.
The hound bites you but does no damage. The gnoll barely misses you.
The hound bites you but does no damage. The gnoll hits you with a +0 halberd!
* * * LOW HITPOINT WARNING * * *
You barely miss the gnoll. You barely miss the hound.
The hound barely misses you. The hound bites you but does no damage.
The gnoll hits you but does no damage. The hound barely misses you.
You hit the gnoll.
The gnoll is moderately wounded.
You closely miss the hound. You block the gnoll's attack.
You block the hound's attack. The gnoll hits you with a +0 halberd.
You die...

...... .## ......#
#....######... .......
.....#........ .. .....
.......#.# #S###. ......
..)†#..# . #.#.. ......
..#....###.#.#.###......
..#.#<...#.#.#.#........
....##(_........h_......
.....#...#.#.#.#@g......
..#....###.#.#.###.$....
.......#...#.#.. ......
.......#.###.###.#.<....
.#<.....................
##.........###..........
#..........# ##........
#.............. ..[
##.......###### ..


You could see a hound and a gnoll.

Vanquished Creatures
  3 adders
  2 dart slugs
  5 bats
  4 endoplasms
  4 giant cockroaches
  4 goblins
  2 hobgoblins (D:1)
  6 ball pythons
  2 frilled lizards (D:1)
  4 kobolds
  5 rats
41 creatures vanquished.

Vanquished Creatures (others)
  3 fungi (D:2)
  4 plants (D:2)
7 creatures vanquished.

Grand Total: 48 creatures vanquished

Notes
Turn   | Place    | Note
-------+----------+-------------------------------------------
     0 | D:1      | bande the Gargoyle Fighter began the quest for the Orb.
     0 | D:1      | Reached XP level 1. HP: 14/14 MP: 1/1
   111 | D:1      | Reached XP level 2. HP: 19/19 MP: 2/2
   217 | D:1      | Found Remn's Armour Emporium.
   684 | D:2      | Reached XP level 3. HP: 23/23 MP: 3/3
   879 | D:2      | Found a faded altar of an unknown god.
   983 | D:2      | Got the Monograph on Metal and Lava
  1046 | D:2      | Reached XP level 4. HP: 29/29 MP: 4/4
  1643 | D:3      | Found a white marble altar of Elyvilon.
  1659 | D:3      | Reached skill level 4 in Shields
  1718 | D:3      | Found an iron altar of Okawaru.
  1746 | D:3      | Slain by a gnoll

Illustrated notes

Levels and vault maps discovered:
D:1:      spicycebolla_arrival_risky_transporter, layout_loops_ring,
          serial_shops, nicolae_shop_hallway_plus, st_stairs_12
D:2:      layout_basic, shapermc_ecumenical_altar_mp_urbaneastern
D:3:      layout_rooms, makhleb_altar_promises_db,
          mainiacjoe_overflow_large_starburst, marbit_many_paths,
          nicolae_hepliaklqana_hippocampus

Skill      XL: |  1  2  3  4 |
---------------+-------------+-----
Axes           | 2 |  2.7
Shields        | 4 |  4.0
Fighting       | |  3.7
Armour         | |  3.8

Action                   |  1- 3 |  4- 6 || total
-------------------------+-------+-------++-------
Melee: War axe           |    84 |    52 ||   136
Armor: Scale mail        |    57 |    37 ||    94
Dodge: Dodged            |    45 |    40 ||    85
Block: Buckler           |    22 |    20 ||    42

Table legend: (Time is in decaauts)
 A = Elapsed time spent in this place.
 B = Non-inter-level travel time spent in this place.
 C = Inter-level travel time spent in this place.
 D = Time resting spent in this place.
 E = Time spent auto-exploring this place.
 F = Levels seen in this place.
 G = Mean time per level.
                   A        B        C        D        E       F      G
               +--------+--------+--------+--------+--------+-----+--------+
         Total |   1802 |   1726 |     76 |      0 |   1373 |   3 |  600.7 |
       Dungeon |   1802 |   1726 |     76 |      0 |   1373 |   3 |  600.7 |
               +--------+--------+--------+--------+--------+-----+--------+

Top non-repeatable levels by time:
     D:2: 1003 daAuts
     D:1: 682 daAuts
     D:3: 116 daAuts
